 Dungeon Crawl Stone Soup version 0.22-a0-525-gf69a080 (webtiles) character file.

237 FunkMassa the Shield-Bearer (level 5, 0/49 HPs)
             Began as a Deep Dwarf Fighter on June 20, 2018.
             Was an Initiate of Gozag.
             Slain by Ijyb
             ... wielding a +3 dagger of venom
              (1 damage)
             ... on level 4 of the Dungeon.
             The game lasted 00:41:56 (2679 turns).

FunkMassa the Shield-Bearer (Deep Dwarf Fighter)    Turns: 2679, Time: 00:42:00

Health: 0/49       AC:  8    Str: 19    XL:     5   Next: 77%
Magic:  5/5        EV:  8    Int:  9    God:    Gozag
Gold:   249        SH:  9    Dex: 13    Spells: 4/4 levels left

rFire    . . .     SeeInvis .   a - +1 war axe
rCold    . . .     Gourm    .   c - +0 shield
rNeg     . . .     Faith    .   b - +0 scale mail
rPois    .         Spirit   .   v - +0 helmet
rElec    .         Reflect  .   (no cloak)
rCorr    .         Harm     .   (no gloves)
MR       .....                  (no boots)
Stlth    ..........             (no amulet)
HPRegen  0.00/turn              (no ring)
MPRegen  0.09/turn              (no ring)

@: lethally poisoned (0 -> -13), non-regenerating
A: damage resistance, heal wounds, sense surroundings 1, no regeneration
a: Heal Wounds, Potion Petition, Call Merchant, Bribe Branch, Renounce Religion


You were on level 4 of the Dungeon.
You worshipped Gozag.
Gozag was aware of your devotion.
You were not hungry.

You visited 1 branch of the dungeon, and saw 4 of its levels.

You collected 277 gold pieces.
You paid 28 gold pieces to Gozag.

Inventory:

Hand Weapons
 a - a +1 war axe (weapon)
 g - a +0 short sword
 j - a +0 short sword
 k - a +0 club
 l - a +0 dagger
 s - a +0 mace
 A - a +0 whip
Missiles
 i - 97 stones (quivered)
 q - 14 bolts
 w - 14 poisoned needles
Armour
 b - a +0 scale mail (worn)
 c - a +0 shield (worn)
 u - a +2 animal skin
 v - a +0 helmet (worn)
 B - a +2 hat
Jewellery
 e - an uncursed ring of poison resistance {unknown}
 y - an uncursed ring of fire {unknown}
Wands
 r - a wand of random effects (25)
 x - a wand of flame (18)
Scrolls
 h - a scroll of remove curse
 t - a scroll of enchant weapon
Potions
 d - a potion of might
 m - 2 potions of lignification {unknown}
 n - a potion of magic {unknown}
 o - a potion of mutation {unknown}
 p - 2 potions of heal wounds {unknown}
 z - a potion of invisibility {unknown}
 C - 2 potions of haste
Comestibles
 f - 6 rations


   Skills:
 + Level 3.4 Fighting
 + Level 0.1 Short Blades
 + Level 4.4 Axes
 + Level 4.0 Armour
 + Level 0.9 Dodging
 + Level 0.2 Stealth
 + Level 4.5 Shields


You had 4 spell levels left.
You didn't know any spells.
Your spell library was empty.

Dungeon Overview and Level Annotations

Branches:
Dungeon (4/15)
 Temple: D:4-7

Altars:
Fedhas
Gozag
Okawaru
Uskayaw
Xom

Annotations:
D:4 Ijyb


Innate Abilities, Weirdness & Mutations

You are resistant to damage.
You can heal yourself by infusing magical energy.
You passively map a small area around you.
You do not regenerate.


Message History

You are more poisoned.
Ijyb hits you but does no damage.
You are more poisoned.
You slash Ijyb!
Ijyb is heavily wounded.
Ijyb hits you with a dagger of venom.
You are lethally poisoned!
You slash Ijyb!
Ijyb is almost dead.
* * * LOW HITPOINT WARNING * * *
You feel very sick. Ijyb hits you but does no damage.
You are more poisoned.
You completely miss Ijyb.
Ijyb is almost dead.
* * * LOW HITPOINT WARNING * * *
You feel very sick. Ijyb hits you with a dagger of venom.
You die...
Your body crumbles into a pile of gold.

*,,..#.. , * #.#.#**
#.#.# #####...######.#
#. **
#................[ ,*
#..#####.####...# * *
#..# #.# ..# *
.#####..# ###.####...#
.....)..# #.....@gl..#
,
.#####..###.#<####.#>#
.#####..#.....####.# *
.##................# *
.....#..#...###.#..# *
,
.....#........#.#..#,
,
......).####....#..##
*
###..##.#.(#........#
, #
#..##.#..#._..###.# *


You could see Ijyb and a leopard gecko.

Vanquished Creatures
  A sky beast (D:4)
  A hound (D:4)
  Robin (D:2)
  An adder (D:2)
  An adder zombie (D:4)
  3 worms (D:2)
  4 dart slugs
  4 leopard geckos
  3 orcs (D:4)
  A ball python (D:1)
  7 bats
  4 giant cockroaches
  14 goblins
  10 hobgoblins
  A quokka (D:4)
  3 frilled lizards
  6 kobolds
  3 rats
68 creatures vanquished.

Notes
Turn   | Place    | Note
-------+----------+-------------------------------------------
     0 | D:1      | FunkMassa the Deep Dwarf Fighter began the quest for the Orb.
     0 | D:1      | Reached XP level 1. HP: 20/20 MP: 1/1
   136 | D:1      | Reached XP level 2. HP: 24/27 MP: 2/2
   954 | D:1      | Reached XP level 3. HP: 24/33 MP: 3/3
  1054 | D:1      | You fall through a shaft!
  1067 | D:2      | Noticed Robin
  1082 | D:2      | Killed Robin
  1295 | D:2      | Reached XP level 4. HP: 30/42 MP: 4/4
  1545 | D:2      | Found an iron altar of Okawaru.
  1545 | D:2      | Found an opulent altar of Gozag.
  1778 | D:2      | Became a worshipper of Gozag Ym Sagoz the Greedy
  2392 | D:3      | Noticed a sky beast
  2412 | D:4      | Found a blossoming altar of Fedhas.
  2452 | D:4      | Reached XP level 5. HP: 26/49 MP: 5/5
  2488 | D:4      | Found a shimmering altar of Xom.
  2539 | D:4      | Killed a sky beast
  2606 | D:4      | Noticed a dagger
  2606 | D:4      | Noticed a hand axe
  2607 | D:4      | Found a hide-covered altar of Uskayaw.
  2668 | D:4      | Noticed Ijyb
  2679 | D:4      | HP: 1/49 [poisoned by Ijyb]
  2679 | D:4      | Slain by Ijyb

Vault maps used:
D:1:      lemuel_arrival_river_ford
D:2:      amethyst_overflow_temple_binary, hex_tiny, minmay_quantized,
          uniq_robin
D:3:      kennysheep_nondescript, nemelex_xobeh_ov_fountains_minmay,
          uniq_jessica
D:4:      overflow_temple_1_default, xom_butterflies, fedhas_altar_fruit_tree,
          dancing_weapons_uskayaw, first_ration, st_stairs_4, uniq_ijyb

Skill      XL: |  1  2  3  4  5 |
---------------+----------------+-----
Fighting       | 3 |  3.4
Shields        | 4 |  4.5
Axes           | 3 4 |  4.4
Armour         | 4 |  4.0
Short Blades   | |  0.1
Dodging        | |  0.9
Stealth        | |  0.2

Action                   |  1- 3 |  4- 6 || total
-------------------------+-------+-------++-------
Melee: Short sword       |    30 |       ||    30
       War axe           |    73 |   104 ||   177
  Use: Scroll            |     2 |     5 ||     7
  Eat: Chunk             |     1 |     2 ||     3
       Ration            |       |     2 ||     2
Armor: Scale mail        |    39 |    55 ||    94
Dodge: Dodged            |    38 |    31 ||    69
Block: Shield            |    58 |    59 ||   117

Table legend:
 A = Spawn XP
 B = Non-spawn XP
 C = Spawn XP percentage of total XP
 D = Spawn monster count
 E = Non-spawn monster count
 F = Spawn count percentage of total count
 G = Total turns spent on level
                    A         B        C        D         E        F      G
               +---------+---------+-------+---------+---------+-------+---------
         Total |       0 |     339 |   0.0 |       0 |      68 |   0.0 |  2679
               +---------+---------+-------+---------+---------+-------+---------
           D:1 |       0 |      41 |   0.0 |       0 |      19 |   0.0 |  1054
           D:2 |       0 |      93 |   0.0 |       0 |      31 |   0.0 |  1132
           D:3 |       0 |      17 |   0.0 |       0 |       9 |   0.0 |   212
           D:4 |       0 |     188 |   0.0 |       0 |       9 |   0.0 |   281
               +---------+---------+-------+---------+---------+-------+---------
